 Dungeon Crawl Stone Soup version 0.31-a0-145-g046c7d2549 (webtiles) character file.

Game seed: 4538151736158058337

47 Faragor the Chiller (level 3, -3/19 HPs)
             Began as a Deep Elf Ice Elementalist on June 7, 2023.
             Slain by a goblin
             ... wielding a +0 dagger
             ... led by Robin
              (4 damage)
             ... on level 2 of the Dungeon.
             The game lasted 00:03:42 (2095 turns).

Faragor the Chiller (Deep Elf Ice Elementalist)     Turns: 2095, Time: 00:03:42

Health: -3/19      AC:  2    Str:  5    XL:     3   Next: 48%
Magic:  3/10       EV: 13    Int: 21    God:
Gold:   94         SH:  0    Dex: 15    Spells: 5/9 levels left

rFire   . . .        c - +0 dagger
rCold   . . .        (no shield)
rNeg    . . .        a - +0 robe
rPois   .            (no helmet)
rElec   .            (no cloak)
rCorr   .            (no gloves)
SInv    .            (no boots)
Will    .....        (no amulet)
Stlth   ++           (no ring)
HPRegen 0.23/turn    (no ring)
MPRegen 0.12/turn

%: no passive effects
@: freezing walls
A: no striking features
a: no special abilities


You were on level 2 of the Dungeon.
You visited 1 branch of the dungeon, and saw 2 of its levels.

You collected 94 gold pieces.

Inventory:

Hand Weapons
 c - a +0 dagger (weapon)
Armour
 a - a +0 robe (worn)
Scrolls
 d - a scroll of identify {unknown}
 g - a scroll of blinking {unknown}
 h - a scroll of teleportation {unknown}
 j - a scroll of vulnerability {unknown}
 k - a scroll of enchant weapon {unknown}
Potions
 b - a potion of magic
 e - a potion of mutation {unknown}
 f - a potion of curing {unknown}
 i - a potion of heal wounds {unknown}


   Skills:
 + Level 3.1 Dodging
 + Level 3.2 Stealth
 + Level 3.7 Spellcasting
 + Level 4.8 Ice Magic


You had 5 spell levels left.
You knew the following spells:

 Your Spells              Type           Power      Damage    Failure   Level
a - Freeze                Ice            96%        1d10      1%          1
b - Frozen Ramparts       Ice            48%        1d8       5%          3

Your spell library contained the following spells:

 Spells                   Type           Power      Damage    Failure   Level
 Ozocubu's Armour         Ice            24%        N/A       5%          3
 Summon Ice Beast         Ice/Summ       14%        N/A       41%         4
 Storm Form               Tmut/Air       1%         N/A       100%        7
 Maxwell's Capacitive Co  Air            1%         ∞         100%        8


Dungeon Overview and Level Annotations

Branches:
Dungeon (2/15)

Altars:

Shops:
D:1 [

Annotations:
D:2 Robin


Message History

The walls around you are covered in ice.
The goblin closely misses you.
The wall freezes the goblin.
You kill the goblin!
The wall freezes the goblin.
The goblin hits you but does no damage. The goblin closely misses you.
The wall freezes the goblin.
You kill the goblin!
The wall freezes the kobold but does no damage.
The goblin closely misses you.
Robin shouts!
A goblin comes into view. It is wielding a +0 dagger.
The goblin hits you but does no damage.
The wall freezes the kobold.
The kobold closely misses you.
Robin points. "Kill!"
The goblin hits you with a +0 dagger.
The wall freezes the kobold.
You kill the kobold!
The goblin hits you with a +0 dagger.
The wall freezes the hobgoblin.
The hobgoblin barely misses you.
The frozen ramparts melt away.
Robin completely misses you. The goblin misses you.
Casting: Frozen Ramparts (quite dangerous; 5% risk of failure)
Confirm with . or Enter, or press ? or * to list all spells.
The spell is quite dangerous to miscast (5% risk of failure)!
Continue anyway?
Casting: Frozen Ramparts (quite dangerous; 5% risk of failure)
Press: ? - help, Dir - look around, f - activate The walls around you are covered in ice.
The goblin shouts!
Robin closely misses you. The goblin misses you.
The wall freezes the hobgoblin.
You kill the hobgoblin!
The goblin closely misses you.
Robin says, "A pitiful Elf like you will never find the ORB!"
Robin roars a battlecry!
The goblins go into a battle-frenzy!
The goblin hits you with a +0 dagger.
* * * LOW HITPOINT WARNING * * *
Robin hits you from afar with a +0 spear.
* * * LOW HITPOINT WARNING * * *
The goblin hits you with a +0 dagger.
You die...

#.# #.# ## #.# #># #.# #.#
#.# ##.#######.# #(##.#
........<..# ## #.#.#
#..###########.# ##>.####
#..####.........###......#
#..##............#.##.##.#
#.......#######....##.##.#
#.###...# #.@g........
........# ##)).##.##..
....##..# ##gg##.#
.##.##..# #......
.##.##..# ...##.#
.#......# ...# ..
.#..###..# #...# .. ....#
#.# ##.## # .#.## .# #.#


You could see Robin and 2 goblins.

Vanquished Creatures
  A dart slug (D:1)
  2 ball pythons
  A bat (D:1)
  An endoplasm (D:1)
  3 giant cockroaches (D:1)
  11 goblins
  5 hobgoblins
  4 jackals (D:1)
  2 frilled lizards
  4 kobolds
  4 rats
38 creatures vanquished.

Notes
Turn   | Place    | Note
-------+----------+-------------------------------------------
     0 | D:1      | Faragor the Deep Elf Ice Elementalist began the quest for
                  | the Orb.
     0 | D:1      | Reached XP level 1. HP: 10/10 MP: 6/6
   169 | D:1      | Reached XP level 2. HP: 15/15 MP: 6/8
   455 | D:1      | Found Pamn's Antique Armour Emporium.
  1564 | D:1      | Reached XP level 3. HP: 19/19 MP: 8/10
  1831 | D:2      | Identified the +1 quarterstaff "Aptuk" {spect, rF+ rCorr}
  1980 | D:2      | Found the +1 Delatra's gloves {ID++}
  2073 | D:2      | Noticed Robin
  2075 | D:2      | Learned a level 3 spell: Frozen Ramparts
  2095 | D:2      | Slain by a goblin

Illustrated notes

Levels and vault maps discovered:
D:1:      tarquinn_simple_flora_water_f, layout_basic, serial_shops,
          nicolae_shop_hallway_plus
D:2:      layout_loops_ring, shapermc_ecumenical_altar_acropolis, uniq_robin

Skill      XL: |  1  2 |
---------------+-------+-----
Stealth        | 3 |  3.2
Dodging        | 3 |  3.1
Spellcasting   | |  3.7
Ice Magic      | |  4.8

Action                     || total
---------------------------++-------
  Melee: Dagger            ||     7
   Cast: Freeze            ||    40
         Frozen Ramparts   ||     3
 Armour: Robe              ||     8
  Dodge: Dodged            ||    38

Table legend: (Time is in decaauts)
 A = Elapsed time spent in this place.
 B = Non-inter-level travel time spent in this place.
 C = Inter-level travel time spent in this place.
 D = Time resting spent in this place.
 E = Time spent auto-exploring this place.
 F = Levels seen in this place.
 G = Mean time per level.
                   A        B        C        D        E       F      G
               +--------+--------+--------+--------+--------+-----+--------+
         Total |   2094 |   2088 |      6 |    973 |    910 |   2 | 1047.0 |
       Dungeon |   2094 |   2088 |      6 |    973 |    910 |   2 | 1047.0 |
               +--------+--------+--------+--------+--------+-----+--------+

Top non-repeatable levels by time:
     D:1: 1619 daAuts
     D:2: 474 daAuts
